[Event "Titled Tuesday Blitz May 2 Early 2023"]
[White "Nissinen, Niilo Man"]
[Black "Klukin, Kirill"]
[WhiteFideId "30950767"]
[BlackFideId "24199273"]
[WhiteElo "1952"]
[BlackElo "2344"]
[Result "0-1"]
[Round "04"]
[TimeControl "180+2"]
[Date "2023.05.02"]
[WhiteClock "0:00:36"]
[BlackClock "0:02:33"]

1. e4 d6 2. d4 f5 3. Bd3 fxe4 4. Bxe4 Nf6 5. Bd3 Nc6 6. c3 e5 7. dxe5 Nxe5 8. Bc2 Be7 9. Nd2 O-O 10. Ngf3 Bg4 11. h3 Bh5 12. g4 Nxf3+ 13. Nxf3 Bf7 14. O-O Qd7 15. Bf5 Be6 16. Bxe6+ Qxe6 17. Re1 Qd7 18. Qe2 Rae8 19. Qe6+ Qxe6 20. Rxe6 h6 21. Bd2 Nd5 22. Nd4 Bf6 23. Rae1 Bxd4 24. Rxe8 Bxf2+ 25. Kg2 Bxe1 26. Rxf8+ Kxf8 27. Bxe1 Kf7 28. Kf3 Ke6 29. Ke4 Nf6+ 30. Ke3 c5 31. Bg3 d5 32. b4 d4+ 33. cxd4 Nd5+ 34. Ke4 cxb4 35. Be1 a5 36. Kd3 b5 37. Bd2 g5 38. Kc2 Nf4 39. a3 Nxh3 40. axb4 a4 41. Be3 Kd5 42. Kd3 Nf4+ 43. Kc3 Ke4 0-1


[Site "https://www.chess.com"]

[Event "Titled Tuesday Blitz May 2 Early 2023"]
[White "Horak, Martin"]
[Black "Kuchava, Ana"]
[WhiteFideId "367095"]
[BlackFideId "13605348"]
[WhiteElo "2091"]
[BlackElo "2001"]
[Result "1-0"]
[Round "04"]
[TimeControl "180+2"]
[Date "2023.05.02"]
[WhiteClock "0:00:14"]
[BlackClock "0:00:01"]

1. e4 c5 2. Nf3 d6 3. d4 cxd4 4. Nxd4 Nf6 5. Nc3 Nc6 6. f4 g6 7. Nf3 Bg7 8. Bd3 O-O 9. O-O a6 10. Qe1 b5 11. a3 Bb7 12. Qh4 b4 13. axb4 Nxb4 14. f5 Nxd3 15. cxd3 Qb6+ 16. Kh1 Rac8 17. Ng5 Qd4 18. fxg6 fxg6 19. Qh3 Rxc3 20. bxc3 Qxc3 21. Rb1 Bc8 22. Qe3 Bd7 23. Bb2 Qc2 24. Rfc1 Qa4 25. h3 Bb5 26. Ne6 Rb8 27. Nxg7 Kxg7 28. e5 dxe5 29. Bxe5 Rb7 30. Rf1 Rd7 31. Rbd1 Qh4 32. Rf4 Qh5 33. Rd2 1-0


[Site "https://www.chess.com"]

[Event "Titled Tuesday Blitz May 2 Early 2023"]
[White "Rios Escobar, Adan"]
[Black "Ramadoss, Ashokkumar"]
[WhiteFideId "3403645"]
[BlackFideId "5040990"]
[WhiteElo "2234"]
[BlackElo "2110"]
[Result "1-0"]
[Round "04"]
[TimeControl "180+2"]
[Date "2023.05.02"]
[WhiteClock "0:00:08"]
[BlackClock "0:00:33"]

1. d4 Nf6 2. g3 g6 3. Bg2 Bg7 4. e4 d6 5. Ne2 O-O 6. O-O e5 7. Nbc3 Nc6 8. dxe5 dxe5 9. Bg5 Be6 10. Nd5 Bxd5 11. exd5 Ne7 12. c4 h6 13. Bxf6 Bxf6 14. c5 Qd7 15. Qb3 Rab8 16. Rad1 Nf5 17. a4 b6 18. c6 Qe7 19. Rfe1 Bg7 20. h4 h5 21. Be4 Nd6 22. Bb1 f5 23. Nf4 Qf6 24. Ne6 Rf7 25. Qb4 Bf8 26. Qc3 e4 27. Qxf6 Rxf6 28. Nxc7 Bh6 29. Ne6 Nc4 30. b4 e3 31. f4 Nd2 32. Ba2 Nf3+ 33. Kf1 Nxe1 34. d6 Bf8 35. Kxe1 Kh7 36. c7 Ra8 37. Nxf8+ Rfxf8 38. d7 Rfd8 39. cxd8=Q Rxd8 40. Bf7 Kg7 41. Be8 Kf6 42. Rd6+ Ke7 43. Rxg6 Ra8 44. Rg5 Kd8 45. Rxf5 a6 46. Rxh5 b5 47. axb5 axb5 48. Rxb5 Ra1+ 49. Ke2 Ra2+ 50. Kxe3 Ra3+ 51. Kf2 Rxg3 52. Kxg3 Ke7 53. Re5+ Kd8 54. Re4 1-0


[Site "https://www.chess.com"]

[Event "Titled Tuesday Blitz May 2 Early 2023"]
[White "Thiel, Thomas"]
[Black "Chirivi C, Jenny Astrid"]
[WhiteFideId "4615964"]
[BlackFideId "4403061"]
[WhiteElo "2234"]
[BlackElo "2001"]
[Result "0-1"]
[Round "04"]
[TimeControl "180+2"]
[Date "2023.05.02"]
[WhiteClock "0:00:23"]
[BlackClock "0:01:36"]

1. e4 c5 2. Nc3 a6 3. Nge2 e6 4. g3 d5 5. exd5 exd5 6. d4 Nf6 7. Bg2 Nc6 8. Be3 c4 9. O-O Be7 10. Bg5 Be6 11. Nf4 O-O 12. Re1 Bg4 13. Qd2 h6 14. Bxf6 Bxf6 15. h3 Bf5 16. Ncxd5 Bxd4 17. c3 Bc5 18. Rad1 Qg5 19. h4 Qxg3 20. Ne7+ Nxe7 21. Rxe7 Qxh4 22. Re5 Rad8 23. Nd5 Bg4 0-1


[Site "https://www.chess.com"]

[Event "Titled Tuesday Blitz May 2 Early 2023"]
[White "Harriott, Tyrell"]
[Black "Clawitter, Craig"]
[WhiteFideId "2086484"]
[BlackFideId "2023105"]
[WhiteElo "2107"]
[BlackElo "2050"]
[Result "0-1"]
[Round "04"]
[TimeControl "180+2"]
[Date "2023.05.02"]
[WhiteClock "0:00:37"]
[BlackClock "0:00:18"]

1. d4 e6 2. e3 Nf6 3. Bd3 c5 4. f4 b6 5. Nf3 Be7 6. O-O O-O 7. Nbd2 Ba6 8. b3 Bxd3 9. cxd3 cxd4 10. Nxd4 Nc6 11. N4f3 Rc8 12. Bb2 Nb4 13. Nc4 b5 14. Nce5 Nc2 15. Qe2 Nxa1 16. Bxa1 d6 17. Nd4 dxe5 18. fxe5 Nd5 19. Nxb5 Qb6 20. Nd4 Bg5 21. e4 Be3+ 22. Kh1 Bxd4 23. Bxd4 Qxd4 24. exd5 Qxd5 25. h3 Rfd8 26. Qf2 Rd7 27. Rd1 Qxe5 28. Qh4 h6 29. Qa4 Qd4 30. Qa6 Rc2 31. Qb5 Qd5 32. Qb8+ Kh7 33. Qg3 Qg5 34. Qf3 Rd4 35. Rg1 Rc1 36. Qxf7 Rxg1+ 37. Kxg1 Rxd3 38. Qxe6 Qe3+ 39. Qxe3 Rxe3 40. Kf2 Rc3 41. Kg1 Rc2 42. a4 Rb2 43. a5 Rxb3 44. a6 Ra3 45. Kh2 Rxa6 46. Kg3 Rb6 47. Kh2 a5 48. Kg1 a4 49. Kf1 a3 50. Ke1 a2 51. Kd2 a1=Q 52. Ke2 Qa2+ 53. Kf3 Rb3+ 54. Kg4 Qa4+ 55. Kf5 Rb5+ 56. Ke6 Qa6+ 57. Kd7 Rb7+ 0-1


[Site "https://www.chess.com"]

[Event "Titled Tuesday Blitz May 2 Early 2023"]
[White "Floresvillar Gonzalez, Luis Migu"]
[Black "Vaglio Munoz, Jaime"]
[WhiteFideId "5100542"]
[BlackFideId "6500145"]
[WhiteElo "2040"]
[BlackElo "2199"]
[Result "0-1"]
[Round "04"]
[TimeControl "180+2"]
[Date "2023.05.02"]
[WhiteClock "0:00:08"]
[BlackClock "0:01:09"]

1. e4 e6 2. b3 d5 3. Bb2 dxe4 4. Nc3 Nf6 5. g4 h6 6. Bg2 Bd7 7. Qe2 Bc6 8. Nxe4 Be7 9. O-O-O Nxe4 10. Bxe4 Bf6 11. f3 Bxb2+ 12. Kxb2 Qf6+ 13. c3 a5 14. a4 Ra6 15. d4 Rb6 16. Bxc6+ Nxc6 17. h4 O-O 18. Nh3 e5 19. g5 Qf5 20. d5 Ne7 21. gxh6 Rxh6 22. Ng5 Nc8 23. Ne4 Nd6 24. Nxd6 cxd6 25. c4 Rf6 26. Rd3 Re8 27. Re3 g6 28. h5 gxh5 29. f4 e4 30. Rg3+ Kf8 31. Rxh5 Qxf4 32. Rh8+ Ke7 33. Rxe8+ Kxe8 34. Re3 Qe5+ 35. Ka3 Qa1+ 36. Qa2 Qxa2+ 37. Kxa2 Rf2+ 38. Kb1 f5 39. Kc1 Kf7 40. Kd1 b6 41. Ke1 Rb2 42. Rh3 Kf6 43. Rh6+ Ke5 44. Re6+ Kd4 45. Rxd6 f4 46. Rf6 Ke3 47. Kd1 Rxb3 48. d6 Rd3+ 49. Ke1 f3 50. Re6 f2+ 0-1


[Site "https://www.chess.com"]

[Event "Titled Tuesday Blitz May 2 Early 2023"]
[White "Rodriguez Santiago, Jaime"]
[Black "Yonal, Timur"]
[WhiteFideId "3100898"]
[BlackFideId "44115725"]
[WhiteElo "2025"]
[BlackElo "1966"]
[Result "0-1"]
[Round "04"]
[TimeControl "180+2"]
[Date "2023.05.02"]
[WhiteClock "0:00:27"]
[BlackClock "0:00:20"]

1. c4 e5 2. Nc3 Nf6 3. g3 c6 4. Bg2 Ke7 5. Nf3 d6 6. O-O g6 7. d4 e4 8. Nd2 d5 9. cxd5 cxd5 10. b3 Be6 11. Na4 b6 12. Bb2 Nc6 13. Rc1 Kd7 14. e3 Bd6 15. Nb1 Rc8 16. Nbc3 Kc7 17. Nb5+ Kb7 18. Nxd6+ Qxd6 19. Nc3 a6 20. Qe2 Nd7 21. Na4 f5 22. Rfd1 Ka7 23. Bf1 Ndb8 24. a3 h5 25. h4 g5 26. f4 exf3 27. Qxf3 gxh4 28. gxh4 Rhg8+ 29. Kh1 Rg4 30. Bg2 Rxh4+ 31. Kg1 f4 32. e4 Rg8 33. e5 Qe7 34. Kf1 Rg3 35. Qc3 Rxc3 36. Nxc3 Qg5 37. Rc2 Qg3 38. Rf2 Bg4 39. Ne2 Qxb3 40. Rb1 f3 41. Nc1 fxg2+ 42. Kxg2 Qh3+ 43. Kg1 Qh1# 0-1


[Site "https://www.chess.com"]

[Event "Titled Tuesday Blitz May 2 Early 2023"]
[White "Kopacz, Grzegorz"]
[Black "Kiseljova, Marya"]
[WhiteFideId "1109880"]
[BlackFideId "4155009"]
[WhiteElo "2037"]
[BlackElo "1851"]
[Result "1-0"]
[Round "04"]
[TimeControl "180+2"]
[Date "2023.05.02"]
[WhiteClock "0:00:48"]
[BlackClock "0:00:05"]

1. Nf3 d5 2. g3 Nd7 3. d4 Nb6 4. Bg2 Nf6 5. O-O Bf5 6. b3 e6 7. Bb2 Be7 8. Nbd2 O-O 9. Rc1 c5 10. e3 Rc8 11. c4 cxd4 12. Nxd4 Bd3 13. Re1 dxc4 14. Bxb7 Rc7 15. Bg2 a6 16. Nc6 Qe8 17. Nxe7+ Qxe7 18. bxc4 Nxc4 19. Nxc4 Bxc4 20. Qd4 Bxa2 21. Rxc7 Qxc7 22. Qh4 Nd5 23. Qg4 e5 24. f4 Nf6 25. Qg5 h6 26. Qh4 exf4 27. Bxf6 gxf6 28. Qxf6 fxg3 29. Qxh6 gxh2+ 30. Kh1 Qg3 31. Rf1 Bc4 32. Rf3 Qe1+ 33. Kxh2 f6 34. Qg6+ Kh8 35. Rh3+ 1-0


[Site "https://www.chess.com"]

[Event "Titled Tuesday Blitz May 2 Early 2023"]
[White "Acikel, Mert"]
[Black "Fathy, Elameir"]
[WhiteFideId "12956465"]
[BlackFideId "10600396"]
[WhiteElo "2097"]
[BlackElo "2311"]
[Result "0-1"]
[Round "04"]
[TimeControl "180+2"]
[Date "2023.05.02"]
[WhiteClock "0:00:02"]
[BlackClock "0:00:18"]

1. e4 c6 2. Nc3 d5 3. Nf3 Bg4 4. h3 Bxf3 5. Qxf3 e6 6. Be2 Bc5 7. O-O Nd7 8. Qg3 Bd4 9. Nd1 dxe4 10. c3 Be5 11. Qe3 Ngf6 12. d4 exd3 13. Bxd3 O-O 14. Qf3 h6 15. Bc2 Qc7 16. Ne3 Bd6 17. Nc4 Be7 18. Bf4 e5 19. Bg3 b5 20. Ne3 g6 21. Rad1 Rad8 22. Rfe1 Rfe8 23. Ng4 Nxg4 24. hxg4 Bf8 25. Be4 c5 26. Bc6 a6 27. Bxd7 Rxd7 28. Rxd7 Qxd7 29. Rxe5 Rxe5 30. Bxe5 Bg7 31. Bxg7 Kxg7 32. Qe2 c4 33. g3 Qd5 34. Kh2 Kh7 35. Qe7 Qf3 36. Qa7 Kg7 37. Kg1 Qd1+ 38. Kh2 Qf3 39. Kg1 Qxg4 40. Qxa6 Qd1+ 41. Kg2 Qd5+ 42. Kg1 h5 43. Qa7 Qd1+ 44. Kg2 Qd2 45. Qd4+ Qxd4 46. cxd4 Kf6 47. Kf3 Kf5 48. Ke3 g5 0-1


[Site "https://www.chess.com"]

[Event "Titled Tuesday Blitz May 2 Early 2023"]
[White "Vargas Rodriguez, Wilver"]
[Black "Zaichenko, Daria"]
[WhiteFideId "3509672"]
[BlackFideId "4197453"]
[WhiteElo "2224"]
[BlackElo "2039"]
[Result "0-1"]
[Round "04"]
[TimeControl "180+2"]
[Date "2023.05.02"]
[WhiteClock "0:00:10"]
[BlackClock "0:00:44"]

1. e4 c5 2. Nf3 Nc6 3. b3 Nf6 4. Nc3 d5 5. exd5 Nxd5 6. Bb2 a6 7. Nxd5 Qxd5 8. c4 Qe4+ 9. Be2 e5 10. d3 Qg6 11. O-O Bd6 12. Re1 O-O 13. a3 Bh3 14. g3 f5 15. Nh4 Qh6 16. Bf3 g5 17. Bd5+ Kh8 18. Qd2 f4 19. Ng2 Nd4 20. Bxd4 cxd4 21. Re4 Rf6 22. c5 Bxg2 23. Kxg2 f3+ 24. Kf1 Qxh2 25. Rh4 gxh4 26. Bxf3 Rxf3 27. cxd6 hxg3 28. Ra2 g2+ 29. Ke2 Rxf2+ 30. Kxf2 g1=Q+ 31. Kf3 Qxd2 32. Rxd2 Qf1+ 33. Ke4 Qe1+ 34. Re2 Qxe2+ 0-1


[Site "https://www.chess.com"]

[Event "Titled Tuesday Blitz May 2 Early 2023"]
[White "Sailer, Mike"]
[Black "Kornyukov, Alexey"]
[WhiteFideId "2012901"]
[BlackFideId "4150457"]
[WhiteElo "2109"]
[BlackElo "2352"]
[Result "1/2-1/2"]
[Round "04"]
[TimeControl "180+2"]
[Date "2023.05.02"]
[WhiteClock "0:00:05"]
[BlackClock "0:00:10"]

1. d4 d5 2. Bg5 Nf6 3. Bxf6 exf6 4. e3 Bd6 5. c4 O-O 6. cxd5 Bb4+ 7. Nc3 Qxd5 8. Nf3 Bxc3+ 9. bxc3 c5 10. Be2 Nc6 11. O-O cxd4 12. cxd4 Bg4 13. h3 Bh5 14. Qb3 Bxf3 15. Bxf3 Qxb3 16. axb3 a6 17. Bxc6 bxc6 18. Rfc1 Rfc8 19. Rc5 Rc7 20. d5 Rac8 21. dxc6 Rxc6 22. Rca5 Rb6 23. R1a3 Ra8 24. Kf1 Kf8 25. Ke2 Ke7 26. Kd3 Kd6 27. Kc3 Rc6+ 28. Kd2 Rb6 29. Kc2 g6 30. R3a4 Rc6+ 31. Kb2 Kc7 32. Rd4 Kb6 33. Rad5 Rac8 34. Rd2 R8c7 35. Rd8 Rc8 36. R8d7 R8c7 37. R7d5 a5 38. g4 Rc5 39. Rd6+ R7c6 40. Rd8 Kb7 41. R2d7+ Rc7 42. Rxc7+ Rxc7 43. Rh8 Rd7 44. Kc2 Kc6 45. Rxh7 Kd5 46. f3 Kc5 47. Rh8 Kb4 48. Rb8+ Ka3 49. Kc3 Rc7+ 50. Kd3 Rd7+ 51. Ke4 Rc7 52. Rb6 Rc3 53. Rxf6 Kxb3 54. Rxf7 a4 55. Rb7+ Kc2 56. h4 a3 57. Ra7 Rc4+ 58. Ke5 Kb3 59. Kf6 Ra4 60. Rb7+ Rb4 61. Ra7 Ra4 62. Rd7 a2 63. Rd1 Kb2 64. Kxg6 Rc4 65. Rd2+ Rc2 66. Rd1 Rc1 67. Rd2+ Rc2 68. Rd1 Rc1 69. Rd2+ Rc2 1/2-1/2


[Site "https://www.chess.com"]

[Event "Titled Tuesday Blitz May 2 Early 2023"]
[White "Kostiukov, Alexandr"]
[Black "Hartikainen, Jarmo"]
[WhiteFideId "14108100"]
[BlackFideId "503134"]
[WhiteElo "2202"]
[BlackElo "2108"]
[Result "1-0"]
[Round "04"]
[TimeControl "180+2"]
[Date "2023.05.02"]
[WhiteClock "0:00:43"]
[BlackClock "0:00:11"]

1. g3 g6 2. Bg2 Bg7 3. Nf3 Nf6 4. O-O O-O 5. c4 c5 6. d4 d5 7. cxd5 cxd4 8. Qxd4 Qxd5 9. Nc3 Qxd4 10. Nxd4 a6 11. Rd1 e5 12. Nb3 Nc6 13. Bg5 Be6 14. Nc5 Ra7 15. Nxe6 fxe6 16. Bxf6 Bxf6 17. Rd7 Rf7 18. Rad1 Na5 19. Rxf7 Kxf7 20. Rd7+ Be7 21. b4 Nc4 22. Bxb7 Ke8 23. Rc7 Kd8 24. Rxc4 Rxb7 25. a3 a5 26. bxa5 Bxa3 27. a6 Ra7 28. Ra4 Bb2 29. Nb5 Ra8 30. a7 Bd4 31. Nxd4 exd4 32. Rxd4+ Kc7 33. Ra4 Kb7 34. Kg2 Rxa7 35. Rxa7+ Kxa7 36. Kf3 Kb7 37. Ke4 Kc7 38. Ke5 Kd7 39. Kf6 Kd6 40. Kg7 1-0


[Site "https://www.chess.com"]

[Event "Titled Tuesday Blitz May 2 Early 2023"]
[White "Biriukov, Ilja"]
[Black "Necula, Iulian"]
[WhiteFideId "4113373"]
[BlackFideId "1232380"]
[WhiteElo "2426"]
[BlackElo "1790"]
[Result "1-0"]
[Round "04"]
[TimeControl "180+2"]
[Date "2023.05.02"]
[WhiteClock "0:00:28"]
[BlackClock "0:01:01"]

1. c4 d6 2. Nc3 f5 3. g3 Nf6 4. Bg2 g6 5. d3 Bg7 6. e3 O-O 7. Nge2 e5 8. O-O c6 9. Rb1 a5 10. a3 Na6 11. b4 axb4 12. axb4 Bd7 13. b5 Nc5 14. h3 h6 15. f4 e4 16. dxe4 Ncxe4 17. Nxe4 Nxe4 18. Bxe4 fxe4 19. Kh2 Be6 20. Qc2 d5 21. cxd5 cxd5 22. Bb2 Rc8 23. Qd2 Qd7 24. Bxg7 Kxg7 25. Nd4 Bxh3 26. Rg1 Bg4 27. Qb2 Kh7 28. Rbc1 Rc4 29. Rxc4 dxc4 30. Rc1 Rc8 31. Qb4 Qf7 32. Rc3 g5 33. Qd6 Qh5+ 34. Kg1 Rg8 35. Qe7+ Rg7 36. Qxe4+ Kh8 37. f5 Bh3 38. f6 Rd7 39. Rxc4 Qd1+ 40. Kh2 Qf1 41. Rc8+ 1-0


[Site "https://www.chess.com"]

[Event "Titled Tuesday Blitz May 2 Early 2023"]
[White "James, Stuart"]
[Black "Kraus, Tomas"]
[WhiteFideId "7400489"]
[BlackFideId "331708"]
[WhiteElo "1950"]
[BlackElo "2389"]
[Result "1-0"]
[Round "04"]
[TimeControl "180+2"]
[Date "2023.05.02"]
[WhiteClock "0:00:51"]
[BlackClock "0:00:01"]

1. e4 c5 2. Nf3 e6 3. d4 cxd4 4. Nxd4 Nc6 5. Nb5 d6 6. Bf4 e5 7. Be3 a6 8. N5c3 b5 9. a4 b4 10. Nd5 Rb8 11. a5 Nxa5 12. Be2 Nf6 13. Nxf6+ gxf6 14. O-O Be7 15. f4 Rg8 16. f5 Bb7 17. Nd2 Qc7 18. Qe1 d5 19. Qh4 Bc5 20. Bxc5 Qxc5+ 21. Kh1 Ke7 22. exd5 Bxd5 23. Bf3 Rg7 24. Bxd5 Qxd5 25. Ne4 Rb6 26. Rfd1 Qb5 27. Rd3 b3 28. Nc3 Qc6 29. Nd5+ Kf8 30. cxb3 Nxb3 31. Rad1 Rb5 32. Ne3 1-0


[Site "https://www.chess.com"]

[Event "Titled Tuesday Blitz May 2 Early 2023"]
[White "Flis, Pawel"]
[Black "Garrido, Denis"]
[WhiteFideId "1112864"]
[BlackFideId "601217"]
[WhiteElo "1822"]
[BlackElo "2205"]
[Result "0-1"]
[Round "04"]
[TimeControl "180+2"]
[Date "2023.05.02"]
[WhiteClock "0:00:06"]
[BlackClock "0:01:05"]

1. e4 c5 2. Nf3 Nc6 3. d4 cxd4 4. Nxd4 e5 5. Nb5 d6 6. N1c3 a6 7. Na3 Be6 8. Nc4 Rb8 9. Be2 Nf6 10. Bg5 Be7 11. Bxf6 gxf6 12. Ne3 Nd4 13. Ncd5 f5 14. exf5 Nxf5 15. Nxf5 Bxf5 16. O-O O-O 17. Bg4 Bg6 18. c3 f5 19. Bh5 Bg5 20. Nb4 Kg7 21. Bxg6 hxg6 22. Qd5 Qf6 23. Rad1 Rfd8 24. Nc2 Rd7 25. Ne3 Bxe3 26. fxe3 Qg5 27. Rfe1 Rh8 28. Qe6 Rhd8 29. b4 Qf6 30. Qxf6+ Kxf6 31. Rd5 Rc7 32. Red1 Ke6 33. b5 Rxc3 34. bxa6 bxa6 35. Kf2 Rc2+ 36. R5d2 Rxd2+ 37. Rxd2 d5 38. Rb2 Rd6 39. Rb8 Rc6 40. Rg8 Kf7 41. Ra8 Rc2+ 42. Kg3 Rxa2 43. Ra7+ Kf6 44. Rb7 a5 45. Rb6+ Kg5 46. h4+ Kh6 47. Rd6 a4 48. Rxd5 e4 49. Ra5 a3 50. Ra4 Ra1 51. Kh2 a2 52. Ra7 Kh5 53. g3 Kg4 54. Ra6 Kf3 55. Ra3 Re1 56. Rxa2 Re2+ 57. Rxe2 Kxe2 58. h5 gxh5 59. Kh3 Kxe3 60. Kh4 Kf3 61. Kxh5 Kxg3 62. Kg5 e3 63. Kxf5 e2 64. Ke5 e1=Q+ 65. Kd5 Kf4 66. Kc5 Qd2 67. Kc6 Qd4 68. Kc7 Qd5 69. Kc8 Qf7 0-1


[Site "https://www.chess.com"]

[Event "Titled Tuesday Blitz May 2 Early 2023"]
[White "Marchesich, Giovanni"]
[Black "Aung Thant Zin"]
[WhiteFideId "2824790"]
[BlackFideId "13000063"]
[WhiteElo "2209"]
[BlackElo "2278"]
[Result "1-0"]
[Round "04"]
[TimeControl "180+2"]
[Date "2023.05.02"]
[WhiteClock "0:01:39"]
[BlackClock "0:01:10"]

1. d4 Nf6 2. Nf3 e6 3. e3 d5 4. Bd3 Be7 5. O-O O-O 6. b3 c5 7. Bb2 Nc6 8. Nbd2 b6 9. Ne5 Bb7 10. f4 cxd4 11. exd4 Nxe5 12. fxe5 Ne4 13. Rf3 f5 14. Rh3 Qe8 15. Nf3 Rc8 16. Qe1 g5 17. Nd2 g4 18. Re3 Bg5 19. Re2 Nxd2 20. Rxd2 Bxd2 21. Qxd2 f4 22. Rf1 Qf7 23. Bc1 f3 24. Qg5+ Kh8 25. Qxg4 f2+ 26. Kh1 Rg8 27. Qh4 Rcf8 28. Bg5 Rxg5 29. Qxg5 Bc6 30. Qh4 Be8 31. Rxf2 1-0


[Site "https://www.chess.com"]

[Event "Titled Tuesday Blitz May 2 Early 2023"]
[White "Sanchez, German"]
[Black "Bashirli, Saadat"]
[WhiteFideId "4403959"]
[BlackFideId "13429990"]
[WhiteElo "1816"]
[BlackElo "1408"]
[Result "1-0"]
[Round "04"]
[TimeControl "180+2"]
[Date "2023.05.02"]
[WhiteClock "0:00:12"]
[BlackClock "0:00:24"]

1. e4 c6 2. d4 d5 3. exd5 cxd5 4. c4 Nf6 5. Nf3 Nc6 6. Nc3 dxc4 7. Bxc4 e6 8. Bg5 Be7 9. O-O O-O 10. a3 Nd5 11. Bxe7 Ncxe7 12. Qd3 Nxc3 13. bxc3 Nd5 14. Rae1 a6 15. Ba2 Bd7 16. Bb1 Nf6 17. Ne5 Bc6 18. f4 Qd5 19. Rf3 Rad8 20. Rg3 Ne4 21. Rxe4 Qxe4 22. Qxe4 Bxe4 23. Bxe4 b5 24. Nc6 Rd7 25. f5 exf5 26. Bxf5 Rc7 27. d5 g6 28. Be4 Re8 29. Bf3 h5 30. Rg5 Re1+ 31. Kf2 Re8 32. d6 Rd7 33. Rd5 Re6 34. Ne7+ Kg7 35. Nc8 f5 36. Rd2 Kf6 37. Bd5 Re5 38. Bc6 Rd8 39. d7 Rc5 40. Rd6+ Kf7 41. Bd5+ Kg7 42. Ne7 Rc7 43. Rxg6+ Kh7 44. Bg8+ Rxg8 45. Nxg8 Rxd7 46. Nf6+ Kxg6 47. Nxd7 Kf7 48. Nb8 a5 49. Nc6 Ke6 50. Nxa5 Kd5 51. Ke3 h4 52. Kd3 f4 53. h3 Kc5 54. Nb3+ Kd5 55. Nd4 Kc5 56. Ne2 Kd5 57. Nxf4+ Kc5 58. Ng6 Kb6 59. Nxh4 Ka5 60. Kc2 Ka4 61. Kb2 b4 62. axb4 Kb5 63. g4 Kc6 64. g5 Kd7 65. b5 Ke7 66. b6 Kf7 67. b7 Ke6 68. b8=Q Kd5 69. Qb4 Ke5 70. Qg4 Kd6 71. Kb3 Ke7 72. c4 Kd6 73. Kb4 Ke7 74. Kb5 Kd6 75. Kb6 Ke7 76. c5 Kf7 77. c6 Kg7 78. c7 Kf7 79. c8=Q Ke7 80. Qc2 Kf7 81. Qg6+ Ke7 82. Qf6+ Ke8 83. Qge6# 1-0


[Site "https://www.chess.com"]

[Event "Titled Tuesday Blitz May 2 Early 2023"]
[White "Smietanska, Wiktoria"]
[Black "Vargas, Mauricio"]
[WhiteFideId "21869359"]
[BlackFideId "4404572"]
[WhiteElo "1995"]
[BlackElo "1998"]
[Result "1-0"]
[Round "04"]
[TimeControl "180+2"]
[Date "2023.05.02"]
[WhiteClock "0:01:00"]
[BlackClock "0:00:28"]

1. c4 e5 2. Nc3 Nc6 3. Nf3 f5 4. d4 e4 5. Ng5 h6 6. Nh3 g5 7. e3 Bg7 8. Qh5+ Kf8 9. Nd5 Nf6 10. Nxf6 Bxf6 11. Be2 Kg7 12. f3 Nb4 13. O-O Nc2 14. Rb1 d6 15. fxe4 fxe4 16. Nf2 Be6 17. Nxe4 Bf7 18. Qf3 Nxd4 19. exd4 Bxd4+ 20. Be3 Bxe3+ 21. Qxe3 Be6 22. Qd4+ Kh7 23. Nf6+ Kg6 24. Bh5+ Kg7 25. Ne8+ Kg8 26. Qg7# 1-0


[Site "https://www.chess.com"]

[Event "Titled Tuesday Blitz May 2 Early 2023"]
[White "Jiganchine, Roman"]
[Black "Smith, Shreyas"]
[WhiteFideId "2603667"]
[BlackFideId "7400713"]
[WhiteElo "2205"]
[BlackElo "2151"]
[Result "1-0"]
[Round "04"]
[TimeControl "180+2"]
[Date "2023.05.02"]
[WhiteClock "0:00:04"]
[BlackClock "0:00:01"]

1. e4 c5 2. Nf3 Nc6 3. Bb5 g6 4. O-O Bg7 5. Re1 e6 6. c3 Nge7 7. d4 cxd4 8. cxd4 d5 9. Nc3 O-O 10. Bg5 h6 11. exd5 hxg5 12. dxc6 bxc6 13. Ba4 Qa5 14. Qd2 Rd8 15. Qxg5 Qxg5 16. Nxg5 Rxd4 17. Rad1 Rb8 18. Nf3 Rxd1 19. Rxd1 Nd5 20. Bxc6 Nxc3 21. bxc3 Bxc3 22. Rd8+ Kg7 23. h4 Rb1+ 24. Kh2 Ba6 25. Be8 Rb7 26. Bc6 Rc7 27. Ba4 Bb7 28. Bb3 Bf6 29. Rd3 Be4 30. Re3 Bf5 31. Ng5 Rb7 32. Re2 Rb4 33. g3 a5 34. Rd2 a4 35. Bd1 Bc3 36. Rd7 Kg8 37. Rxf7 Rd4 38. Rc7 Ba5 39. Rc8+ Kg7 40. Bf3 e5 41. Ra8 Bb6 42. Rb8 Bc5 43. Rb7+ Rd7 44. Rxd7+ Bxd7 45. Bd5 Kf6 46. Ne4+ Ke7 47. Nxc5 Bb5 48. Be4 Kd6 49. Nd3 Bc4 50. a3 Bb3 51. f3 1-0


[Site "https://www.chess.com"]

[Event "Titled Tuesday Blitz May 2 Early 2023"]
[White "Castillo Pena, Patricia Evarista"]
[Black "Sanhueza, Cristian"]
[WhiteFideId "6412106"]
[BlackFideId "116815"]
[WhiteElo "1919"]
[BlackElo "2219"]
[Result "0-1"]
[Round "04"]
[TimeControl "180+2"]
[Date "2023.05.02"]
[WhiteClock "0:00:16"]
[BlackClock "0:00:47"]

1. d4 Nf6 2. Nf3 g6 3. Nc3 d5 4. Bf4 c6 5. e3 Bg7 6. Be2 O-O 7. Ne5 Nbd7 8. h4 h6 9. Qd2 Nxe5 10. dxe5 Ne8 11. O-O-O Nc7 12. e4 d4 13. Bxh6 dxc3 14. Qxd8 Bxh6+ 15. Kb1 Rxd8 16. Rxd8+ Kg7 17. bxc3 Be6 18. Rxa8 Nxa8 19. g4 Bf4 20. h5 g5 21. c4 Nb6 22. c5 Na4 23. Bf3 a5 24. Re1 Nc3+ 25. Kb2 Bxe5 26. a3 Nb5+ 27. Kb1 Nxa3+ 28. Kc1 Nc4 29. Rd1 a4 30. Be2 a3 31. Bxc4 Bxc4 32. c3 Bb3 33. Rd7 Bxc3 34. Rxb7 a2 0-1


[Site "https://www.chess.com"]

[Event "Titled Tuesday Blitz May 2 Early 2023"]
[White "Gupta, Abhijeet"]
[Black "Nakamura, Hikaru"]
[WhiteFideId "5010608"]
[BlackFideId "2016192"]
[WhiteElo "2528"]
[BlackElo "2885"]
[Result "1/2-1/2"]
[Round "05"]
[TimeControl "180+2"]
[Date "2023.05.02"]
[WhiteClock "0:01:31"]
[BlackClock "0:01:05"]

1. d4 Nf6 2. Nf3 e6 3. Bf4 c5 4. e3 d5 5. c3 Nbd7 6. Nbd2 Nh5 7. Bg5 Be7 8. Bxe7 Qxe7 9. g4 Nhf6 10. g5 Ng8 11. Bb5 a6 12. Bxd7+ Bxd7 13. Ne5 cxd4 14. cxd4 Qxg5 15. Nxd7 Kxd7 16. Qb3 Rb8 17. Nf3 Qd8 18. Ne5+ Ke7 19. Qb4+ Ke8 20. Qa4+ Ke7 21. Qb4+ Ke8 22. Qa4+ Ke7 23. Qb4+ 1/2-1/2


[Site "https://www.chess.com"]

[Event "Titled Tuesday Blitz May 2 Early 2023"]
[White "Van Foreest, Jorden"]
[Black "Fedoseev, Vladimir"]
[WhiteFideId "1039784"]
[BlackFideId "24130737"]
[WhiteElo "2633"]
[BlackElo "2752"]
[Result "0-1"]
[Round "05"]
[TimeControl "180+2"]
[Date "2023.05.02"]
[WhiteClock "0:00:32"]
[BlackClock "0:01:23"]

1. e4 c5 2. Nf3 Nc6 3. d4 cxd4 4. Nxd4 e5 5. Nb5 d6 6. c4 g6 7. N1c3 a6 8. Na3 Bg7 9. Be2 Be6 10. O-O Nd4 11. Be3 Ne7 12. Nc2 Nec6 13. Nxd4 exd4 14. Bd2 dxc3 15. Bxc3 Bxc3 16. bxc3 O-O 17. f4 f6 18. Rb1 Qc7 19. h4 Na5 20. h5 Bxc4 21. hxg6 hxg6 22. Bxc4+ Nxc4 23. Rf3 Qc5+ 24. Kh2 Rf7 25. Rh3 Kg7 26. Qg4 Rh8 27. Rg1 Nd2 28. e5 dxe5 29. Rd1 Rxh3+ 30. Kxh3 Qe3+ 0-1


[Site "https://www.chess.com"]

[Event "Titled Tuesday Blitz May 2 Early 2023"]
[White "Firouzja, Alireza"]
[Black "Chigaev, Maksim"]
[WhiteFideId "12573981"]
[BlackFideId "4108116"]
[WhiteElo "2904"]
[BlackElo "2547"]
[Result "1-0"]
[Round "05"]
[TimeControl "180+2"]
[Date "2023.05.02"]
[WhiteClock "0:00:08"]
[BlackClock "0:00:04"]

1. d4 Nf6 2. Bg5 g6 3. Bxf6 exf6 4. e3 d5 5. g3 h5 6. Bg2 h4 7. Ne2 c6 8. Nd2 Bg4 9. c3 Nd7 10. Qb3 Rb8 11. c4 dxc4 12. Nxc4 h3 13. Be4 f5 14. Bd3 b5 15. Nd2 Be7 16. f3 Bh5 17. O-O c5 18. Bxb5 O-O 19. Qd3 Ne5 20. dxe5 Rxb5 21. Qxd8 Rxd8 22. Nc4 Bg5 23. Kf2 Rb4 24. b3 Rxc4 25. bxc4 Rd3 26. Nf4 Rd2+ 27. Kg1 Bxf4 28. exf4 Rg2+ 29. Kh1 Rc2 30. Rab1 Rxc4 31. Rbc1 Ra4 32. Rf2 Ra3 33. Rxc5 Bxf3+ 34. Kg1 Be4 35. Rd2 g5 36. fxg5 Kg7 37. Rb5 Kg6 38. Rb3 Ra5 39. Kf2 Rxe5 40. Rb8 Kxg5 41. Rh8 Bg2 42. Rg8+ Kf6 43. Rh8 Rc5 44. Rh6+ Kg5 45. Rhd6 f6 46. Rd8 Rc1 47. Rg8+ Kh6 48. g4 Rf1+ 49. Kg3 f4+ 50. Kh4 Re1 51. Rd6 Kh7 52. Rf8 Kg7 53. Rdxf6 Re7 54. Rxf4 Rb7 55. R8f5 1-0


[Site "https://www.chess.com"]